 Dungeon Crawl Stone Soup version 0.28.0-45-g0d030f2227 (webtiles) character file.

Game seed: 4113877579919419642

168 bobregger the Ducker (level 5, -3/41 HPs)
             Began as a Demonspawn Gladiator on Apr 22, 2022.
             Slain by Pikel
             ... wielding a +1 whip of freezing
              (9 damage)
             ... on level 3 of the Dungeon.
             The game lasted 00:05:56 (3937 turns).

bobregger the Ducker (Demonspawn Gladiator)         Turns: 3937, Time: 00:05:57

Health: -3/41      AC:  5    Str: 21    XL:     5   Next: 23%
Magic:  5/5        EV: 13    Int:  9    God:
Gold:   123        SH:  0    Dex: 16    Spells: 4/4 levels left

rFire   . . .      SeeInvis .     - Unarmed
rCold   . . .      Faith    .   (no shield)
rNeg    . . .      Spirit   .   b - +0 leather armour
rPois   .          Reflect  .   c - +0 helmet
rElec   .          Harm     .   h - +0 cloak
rCorr   .          Rampage  .   (no gloves)
Will    .....                   (no boots)
Stlth   +.........              (no amulet)
HPRegen 0.13/turn               f - +6 ring of strength
MPRegen 0.18/turn               (no ring)

@: mighty, hasted, very quick
A: claws 1, magic regeneration
a: no special abilities


You were on level 3 of the Dungeon.
You visited 1 branch of the dungeon, and saw 4 of its levels.

You collected 123 gold pieces.

Inventory:

Missiles
 d - 3 throwing nets
Armour
 b - a +0 leather armour (worn)
 c - a +0 helmet (worn)
 h - a +0 cloak (worn)
Jewellery
 f - a +6 ring of strength (left claw)
Wands
 i - a wand of flame (8)
Scrolls
 a - 2 scrolls of magic mapping {unknown}
 e - a scroll of immolation {unknown}
 j - 2 scrolls of vulnerability {unknown}
 k - 2 scrolls of identify {unknown}


   Skills:
 + Level 3.2 Fighting
 - Level 3.1 Staves
 + Level 1.7 Throwing
 + Level 3.3 Dodging
 * Level 2.8 Unarmed Combat


You had 4 spell levels left.
You didn't know any spells.
Your spell library was empty.

Dungeon Overview and Level Annotations

Branches:
Dungeon (4/15)             Temple (0/1) D:4

Altars:
Gozag
Yredelemnul

Annotations:
D:3 1 runed translucent door, Pikel


Innate Abilities, Weirdness & Mutations

You have sharp fingernails.
You regenerate magic rapidly.


Message History

The lemure is lightly wounded.
The lemure misses you.
You scratch the lemure.
The lemure is moderately wounded.
The lemure hits you but does no damage.
You scratch the lemure.
The lemure is moderately wounded.
The lemure hits you.
You scratch the lemure.
The lemure is moderately wounded.
The lemure hits you.
You miss the lemure.
The lemure is moderately wounded.
The lemure completely misses you.
It was a potion of might.
You feel very mighty all of a sudden. The lemure closely misses you.
You completely miss the lemure.
The lemure is moderately wounded.
The lemure hits you.
You closely miss the lemure.
The lemure is moderately wounded.
You scratch Pikel.
Pikel is lightly wounded.
You scratch Pikel.
Pikel is moderately wounded.
Pikel hits you with a +1 whip of freezing!
* * * LOW HITPOINT WARNING * * *
Pikel freezes you.
* * * LOW HITPOINT WARNING * * *
It was a potion of haste.
You feel yourself speed up.
Pikel says, "Don't tell anyone, but I think Ereshkigal likes me."
Pikel hits you but does no damage.
You closely miss Pikel.
Pikel is moderately wounded.
Pikel closely misses you.
You scratch Pikel.
Pikel is moderately wounded.
Pikel hits you with a +1 whip of freezing!
You die...

###....................##........
............<.........####.......
#####.............>..............
##...................###......
#............)...#...####.....
#..........#.5#####....#......
#.......(..##5# #..#####....
#......=...##K# #..#####....
#.....<....##@# ##[.........
##......[.###.# ##...####..
##........##.# #...#####.
#...........# #.....##..
#.########### #.....##.. #.#
##>## #[..###### #.# #8...8#
##..###### #.# #.....# #........
#.##8.....8 ##.......


You could see Pikel and 2 lemures.

Vanquished Creatures
  A lemure (D:1)
  A scorpion (D:2)
  A jelly (D:4)
  3 adders
  2 dart slugs (D:1)
  An orc (D:4)
  8 ball pythons
  2 bats (D:2)
  7 endoplasms
  A giant cockroach (D:4)
  4 goblins
  4 hobgoblins
  2 jackals (D:2)
  A quokka (D:2)
  5 frilled lizards
  5 kobolds
  4 rats
52 creatures vanquished.

Notes
Turn   | Place    | Note
-------+----------+-------------------------------------------
     0 | D:1      | bobregger the Demonspawn Gladiator began the quest for the
                  | Orb.
     0 | D:1      | Reached XP level 1. HP: 16/16 MP: 1/1
   630 | D:1      | Gained mutation: You have sharp fingernails. [demonic
                  | ancestry]
   630 | D:1      | Reached XP level 2. HP: 22/22 MP: 2/2
  1674 | D:2      | Reached skill level 1 in Unarmed Combat
  1674 | D:2      | Reached XP level 3. HP: 21/28 MP: 3/3
  2532 | D:3      | Noticed a scorpion
  2566 | D:2      | Killed a scorpion
  2567 | D:2      | Gained mutation: You regenerate magic rapidly. [demonic
                  | ancestry]
  2567 | D:2      | Reached XP level 4. HP: 23/35 MP: 4/4
  3233 | D:3      | Noticed a human
  3234 | D:3      | Found a runed translucent door.
  3238 | D:3      | Found a basalt altar of Yredelemnul.
  3380 | D:3      | Found an opulent altar of Gozag.
  3490 | D:4      | Found a staircase to the Ecumenical Temple.
  3495 | D:4      | Noticed Pikel
  3495 | D:4      | Noticed a lemure
  3509 | D:4      | Reached XP level 5. HP: 40/41 MP: 5/5
  3521 | D:4      | Noticed a lemure
  3535 | D:4      | Noticed a lemure
  3547 | D:4      | Noticed a lemure
  3865 | D:1      | Killed a lemure
  3937 | D:3      | Slain by Pikel

Illustrated notes

Levels and vault maps discovered:
D:1:      dpeg_arrival_rhombi, layout_basic
D:2:      layout_basic
D:3:      layout_rooms, nicolae_overflow_hidden_temple, dk_yredelemnul_ordeal,
          hangedman_decor_growths, minivault_25, chequers_mini_garden,
          wander_ebering_terrifying_dragon_lair
D:4:      layout_loops_ring, evilmike_ruin_ashenzari, minmay_temple_entry_grid,
          uniq_pikel, uniq_ijyb

Skill      XL: |  1  2  3 |
---------------+----------+-----
Staves         | 3 |  3.1
Unarmed Combat | 1 2 |  2.8
Fighting       | 3 |  3.2
Dodging        | 3 |  3.3
Throwing       | |  1.7

Action                   |  1- 3 |  4- 6 || total
-------------------------+-------+-------++-------
Melee: Quarterstaff      |    11 |       ||    11
       Unarmed           |    91 |    75 ||   166
       Punch             |     2 |     1 ||     3
  Use: Potion            |     3 |     4 ||     7
Armor: Leather armour    |    35 |    24 ||    59
Dodge: Dodged            |    67 |    64 ||   131
